[Event "Early-Titled-Tuesday-Blitz-February-06-2024"]
[Site "Chess.com"]
[Date "2024.02.06"]
[Round "1"]
[White "banhgiahuy2606"]
[Black "Zapateado"]
[Result "1-0"]
[WhiteElo "2673"]
[BlackElo "2354"]
[TimeControl "180+1"]
[EndTime "8:04:44 PST"]
[Termination "banhgiahuy2606 won by checkmate"]

1. d4 d5 2. Nf3 Nf6 3. Bf4 c5 4. e3 Qb6 5. Nc3 c4 6. Rb1 e6 7. Be2 Bb4 8. O-O Bxc3 9. bxc3 Qa5 10. Bd6 Nc6 11. Ne5 Nxe5 12. dxe5 Ne4 13. Bb4 Qc7 14. Qd4 b6 15. f4 Qc6 16. Bf3 Nc5 17. f5 O-O 18. f6 a5 19. Qg4 g6 20. Qg5 Kh8 21. Qh6 Rg8 22. Bg4 axb4 23. Rf3 Ne4 24. Qxh7+ Kxh7 25.
Rh3# 1-0

[Event "Early-Titled-Tuesday-Blitz-February-06-2024"]
[Site "Chess.com"]
[Date "2024.02.06"]
[Round "1"]
[White "GelmanAlexander"]
[Black "andrzej"]
[Result "1-0"]
[WhiteElo "2795"]
[BlackElo "2439"]
[TimeControl "180+1"]
[EndTime "8:04:46 PST"]
[Termination "GelmanAlexander won by resignation"]

1. c4 e6 2. d3 d5 3. Nd2 Nf6 4.
Ngf3 Be7 5. e3 O-O 6. b3 b6 7. Bb2 Bb7 8. Rg1 Nbd7 9. g4 dxc4 10. bxc4 Nc5 11. Qc2 Bc6 12. g5 Nh5 13. d4 Nd7 14. Bd3 f5 15. gxf6 Nhxf6 16. Ng5 Bb4 17. Nxe6 Qe7 18.
d5 Rf7 19. dxc6 Qxe6 20. cxd7 Rxd7 21. O-O-O Rad8 22. Bf5 Qe7 23. Bxd7 Rxd7 24. Nf3 1-0

[Event "Early-Titled-Tuesday-Blitz-February-06-2024"]
[Site "Chess.com"]
[Date "2024.02.06"]
[Round "1"]
[White "Zohid6"]
[Black "tusplingher"]
[Result "1-0"]
[WhiteElo "2866"]
[BlackElo "2472"]
[TimeControl "180+1"]
[EndTime "8:04:49 PST"]
[Termination "Zohid6 won by resignation"]

1. e4 c5 2. Nf3 d6 3. Bb5+ Bd7 4. Bxd7+ Qxd7 5. c4 e5 6. Nc3 Be7 7. O-O Bd8 8. d3 Ne7 9. a3 O-O 10. b4 Nbc6 11. Rb1 Nd4 12. Nxd4 cxd4 13. Nd5 Nxd5 14.
cxd5 a5 15. Bd2 axb4 16. Bxb4 Bb6 17. Qb3 Ra6 18. Rfc1 Rc8 19. Rxc8+ Qxc8 20. Bxd6 f6 21. Be7 Kf7 22. d6+ Qe6 23. Qb5 Qa2 24. Rf1 Qc2 25. Qd5+ Ke8 26. Qe6 1-0

[Event "Early-Titled-Tuesday-Blitz-February-06-2024"]
[Site "Chess.com"]
[Date "2024.02.06"]
[Round "1"]
[White "yosephtaher"]
[Black "Actuary44"]
[Result "1-0"]
[WhiteElo "2884"]
[BlackElo "2483"]
[TimeControl "180+1"]
[EndTime "8:04:50 PST"]
[Termination "yosephtaher won by resignation"]

1. d4 Nf6 2. Nc3 d5 3. Bf4 g6 4. e3 Bg7 5. h4 O-O 6. h5 Nxh5 7. Rxh5 gxh5 8. Qxh5 f5 9. Nf3 Qe8 10. Qxe8 Rxe8 11. Nxd5 e5 12. dxe5 Bd7 13. Nxc7 Nc6 14. Bc4+ Kf8 15. Nxa8 Rxa8 16. O-O-O Ke8 17. Rh1 Rc8 18.
Rxh7 Kf8 19. Bh6 Bxh6 20. Rxd7 Nb4 21. Bb3 a5 22. Rxb7 Nd3+ 23. Kd2 Nxf2 24. Rf7+ Ke8 25. Rh7 Ne4+ 26. Ke2 Bf8 27. Nd4 Ng5 28. Ra7 Bc5 29.
Rxa5 Bxd4 30. exd4 Rc7 31. c3 Ne4 32. Ra8+ Ke7 33.
Rh8 Rd7 34. Rh7+ Kd8 35. Rxd7+ Kxd7 36. Bc2 Ng3+ 37. Kf3 Nf1 38. Bxf5+ Kc6 39. Kf2 Nd2 40. Bd3 Kd5 41. Ke2 1-0

[Event "Early-Titled-Tuesday-Blitz-February-06-2024"]
[Site "Chess.com"]
[Date "2024.02.06"]
[Round "1"]
[White "NovakRatko"]
[Black "maciek_92"]
[Result "0-1"]
[WhiteElo "2439"]
[BlackElo "2802"]
[TimeControl "180+1"]
[EndTime "8:04:56 PST"]
[Termination "maciek_92 won by resignation"]

1. d4 d5 2. c4 e6 3. cxd5 exd5 4. Nc3 Nf6 5. Bg5 c6 6. f3 Be6 7. e4 dxe4 8. fxe4 h6 9. Bh4 Nbd7 10. Nf3 Qa5 11. Qd2 Bb4 12. Bd3 g5 13. Bg3 Nh5 14.
Be5 Nxe5 15. Nxe5 Rd8 16. O-O Rxd4 17. Nxf7 Bxf7 18. Rxf7 Kxf7 19. Qf2+ Nf4 20. Bc2 Bc5 21. Kh1 Rd1+ 22. Nxd1 Bxf2 23. Nxf2 Qd2 24. Bb3+ Kg7 25.
Rf1 Rf8 26. g3 0-1

[Event "Early-Titled-Tuesday-Blitz-February-06-2024"]
[Site "Chess.com"]
[Date "2024.02.06"]
[Round "1"]
[White "BardArtem"]
[Black "InitiatingASC"]
[Result "1-0"]
[WhiteElo "2780"]
[BlackElo "2432"]
[TimeControl "180+1"]
[EndTime "8:04:56 PST"]
[Termination "BardArtem won by resignation"]

1. e4 c5 2. c3 Nf6 3. e5 Nd5 4. Nf3 Nc6 5. Bc4 Nb6 6. Bb3 c4 7.
Bc2 d5 8. exd6 Qxd6 9. O-O Bg4 10. h3 Bh5 11. b3 e6 12. Na3 cxb3 13. axb3 Be7 14. Nc4 Nxc4 15. bxc4 Qf4 16. d4 Qc7 17. Re1 O-O 18. Qe2 Na5 19. Bxh7+ Kxh7 20. Ng5+ Bxg5 21.
Qxh5+ Bh6 22. Bxh6 gxh6 23. Rxa5 Qxc4 24. Rc5 Qd3 25.
Rxe6 fxe6 26. Rc7+ 1-0

[Event "Early-Titled-Tuesday-Blitz-February-06-2024"]
[Site "Chess.com"]
[Date "2024.02.06"]
[Round "1"]
[White "Franmu14"]
[Black "stasOR4ik"]
[Result "1-0"]
[WhiteElo "2737"]
[BlackElo "2410"]
[TimeControl "180+1"]
[EndTime "8:04:56 PST"]
[Termination "Franmu14 won by checkmate"]

1. e4 c6 2. Nc3 d5 3. exd5 cxd5 4. d4 Nc6 5. Bf4 Bf5 6. Bd3 Bxd3 7. Qxd3 e6 8. Nge2 Nf6 9. O-O-O a6 10. Kb1 b5 11.
Nc1 Qb6 12. f3 Na5 13. g4 Nc4 14. g5 Nd7 15. Rhe1 Be7 16. h4 a5 17. h5 a4 18. g6 hxg6 19. hxg6 f6 20. Qe2 a3 21. b3 O-O-O 22. Qxe6 Bb4 23. Nxd5 Bxe1 24. Nxb6+ Nxb6 25. Qc6# 1-0

[Event "Early-Titled-Tuesday-Blitz-February-06-2024"]
[Site "Chess.com"]
[Date "2024.02.06"]
[Round "1"]
[White "ThePeacefulPanda"]
[Black "pfalcon1949"]
[Result "1-0"]
[WhiteElo "2537"]
[BlackElo "1944"]
[TimeControl "180+1"]
[EndTime "8:04:59 PST"]
[Termination "ThePeacefulPanda won by resignation"]

1. d4 Nf6 2. c4 c5 3. dxc5 e6 4. e3 Bxc5 5. Nf3 O-O 6. Be2 a5 7. O-O b6 8. Nc3 Bb7 9. Na4 Be7 10. b3 Nc6 11. Bb2 d6 12. Nd4 Nxd4 13. Bxd4 Nd7 14. Bf3 Qc7 15. Bxb7 Qxb7 16. Qf3 Qxf3 17. gxf3 Rab8 18.
Rad1 Nc5 19. Bxc5 bxc5 20. f4 Rfd8 21. Rd2 Rb7 22. Rfd1 Rdb8 23. Rxd6 Bxd6 24. Rxd6 Kf8 25. Nxc5 Ke7 26. Nxb7 Rxb7 27. Ra6 Rd7 28. Rxa5 Rd1+ 29. Kg2 f6 30. c5 e5 31. fxe5 fxe5 32. c6 Kd6 33.
Rc5 Kc7 34. Rxe5 Rd2 35. Re7+ Kxc6 36. Rxg7 Rxa2 37. Rxh7 Rb2 38. Rh3 Rxb3 39. Rg3 Kd6 40.
h4 Ke7 41. h5 Rb5 42. h6 Rh5 43. Rh3 Rg5+ 44. Rg3 Rh5 45. Rh3 Rg5+ 46. Kf1 Rg8 47. h7 Rh8 48. f4 Kf6 49. e4 Kg7 50. e5 Kf7 51. f5 Kg7 52. Kf2 Kf7 53. Kg3 Ke7 54.
Kf4 Kf7 55. Ra3 Kg7 56. Ra7+ Kh6 57. f6 Kg6 58. Rg7+ Kh6 59. Kf5 Rf8 60. e6 Rh8 61.
e7 Re8 62. f7 Kxg7 63. fxe8=Q 1-0

[Event "Early-Titled-Tuesday-Blitz-February-06-2024"]
[Site "Chess.com"]
[Date "2024.02.06"]
[Round "1"]
[White "Hikaru"]
[Black "xberli"]
[Result "1-0"]
[WhiteElo "3309"]
[BlackElo "2533"]
[TimeControl "180+1"]
[EndTime "8:05:00 PST"]
[Termination "Hikaru won by resignation"]

1. Nf3 d5 2. b3 Nf6 3. Bb2 e6 4.
e3 Be7 5. c4 O-O 6. d4 b6 7.
cxd5 exd5 8. Bd3 Bb7 9. O-O Re8 10. Nc3 Bd6 11. a3 c5 12. dxc5 bxc5 13. Bb5 Re7 14. Rc1 a6 15. Bd3 Nc6 16. Na4 Nd7 17. Bf5 Nce5 18.
Nxe5 Nxe5 19. Nxc5 Bc8 20. Bxc8 Rxc8 21. Qxd5 Nc4 22. Qxc4 Bxc5 23. Qg4 Qf8 24. b4 h5 25. Qh3 1-0

[Event "Early-Titled-Tuesday-Blitz-February-06-2024"]
[Site "Chess.com"]
[Date "2024.02.06"]
[Round "1"]
[White "ActorXu"]
[Black "HeroWilczek"]
[Result "1-0"]
[WhiteElo "2870"]
[BlackElo "2474"]
[TimeControl "180+1"]
[EndTime "8:05:00 PST"]
[Termination "ActorXu won by resignation"]

1. e4 c6 2. d4 d5 3. exd5 cxd5 4. Nf3 Nc6 5. Ne5 Nxe5 6. dxe5 e6 7. Nd2 Bc5 8. Qg4 g6 9. Bd3 Ne7 10. Nb3 h5 11. Qh4 Qc7 12. Nxc5 Qxc5 13. O-O Bd7 14. Be3 Qc7 15. f4 Qd8 16. Bc5 Nf5 17. Qf2 b6 18. Ba3 h4 19. Bxf5 gxf5 20. Rfd1 Qc7 21. Rac1 Bc6 22.
c4 Qd7 23. cxd5 Bxd5 24. Rd2 Rg8 25. Qxh4 Rc8 26. Rxc8+ 1-0

[Event "Early-Titled-Tuesday-Blitz-February-06-2024"]
[Site "Chess.com"]
[Date "2024.02.06"]
[Round "1"]
[White "LyonBeast"]
[Black "Ural_bogatyr"]
[Result "1-0"]
[WhiteElo "3148"]
[BlackElo "2531"]
[TimeControl "180+1"]
[EndTime "8:05:03 PST"]
[Termination "LyonBeast won by checkmate"]

1. e4 e5 2. Nf3 Nc6 3. Bc4 Bc5 4. c3 Nf6 5. d3 a6 6. O-O d6 7. Bg5 h6 8. Bh4 Ba7 9. d4 g5 10. dxe5 Nxe4 11. Re1 Bf5 12. exd6 O-O 13. Nbd2 Nxd2 14. Qxd2 gxh4 15. Qf4 Bh7 16. dxc7 Qc8 17. Rad1 Qf5 18. Qxh6 Bb6 19. Rd5 Qc2 20. Rg5+ Kh8 21. Qf6# 1-0

[Event "Early-Titled-Tuesday-Blitz-February-06-2024"]
[Site "Chess.com"]
[Date "2024.02.06"]
[Round "1"]
[White "bolwin"]
[Black "sonicdravise"]
[Result "0-1"]
[WhiteElo "2283"]
[BlackElo "2616"]
[TimeControl "180+1"]
[EndTime "8:05:03 PST"]
[Termination "sonicdravise won by resignation"]

1. Nf3 g6 2. c4 Bg7 3. d4 d6 4.
Nc3 e5 5. dxe5 dxe5 6. Qxd8+ Kxd8 7. Bg5+ f6 8. O-O-O+ Nd7 9. Be3 c6 10. h4 Nh6 11. Bxh6 Bxh6+ 12. e3 Ke7 13. h5 a5 14. hxg6 hxg6 15. Nh4 Kf7 16. Ne4 Bf8 17. Nd6+ Bxd6 18. Rxd6 g5 19. g3 gxh4 20. gxh4 Nc5 0-1

[Event "Early-Titled-Tuesday-Blitz-February-06-2024"]
[Site "Chess.com"]
[Date "2024.02.06"]
[Round "1"]
[White "campochess"]
[Black "santosalberto1987"]
[Result "0-1"]
[WhiteElo "2085"]
[BlackElo "2558"]
[TimeControl "180+1"]
[EndTime "8:05:03 PST"]
[Termination "santosalberto1987 won by resignation"]

1. d4 d5 2. Bg5 Bf5 3. Nd2 Nd7 4. c3 c6 5. Ngf3 Ngf6 6. e3 h6 7. Bxf6 Nxf6 8. Ne5 e6 9. Be2 Bd6 10. f4 Ne4 11. Nxe4 Bxe4 12. Bf3 Bxf3 13. Qxf3 O-O 14.
O-O c5 15. Kh1 b5 16. Nd3 c4 17. Ne5 a5 18. g4 b4 19. Rf2 a4 20. cxb4 Bxb4 21. Nc6 Qd6 22. Nxb4 Qxb4 23. Rc2 a3 24.
Rb1 Rfb8 25. b3 cxb3 26. Rxb3 Qxb3 27. axb3 a2 28. Rxa2 Rxa2 29. e4 Rc8 30. Qe3 dxe4 31. f5 exf5 32. gxf5 Rcc2 33. Qe1 e3 34. f6 Rxh2+ 35.
Kg1 Rag2+ 36. Kf1 e2+ 37. Qxe2 Rxe2 0-1

[Event "Early-Titled-Tuesday-Blitz-February-06-2024"]
[Site "Chess.com"]
[Date "2024.02.06"]
[Round "1"]
[White "ArmanGhevondyanchess"]
[Black "crosky"]
[Result "1-0"]
[WhiteElo "2649"]
[BlackElo "2326"]
[TimeControl "180+1"]
[EndTime "8:05:04 PST"]
[Termination "ArmanGhevondyanchess won by resignation"]

1. Nf3 Nf6 2. d4 e6 3. g3 b5 4.
Bg2 Bb7 5. O-O c5 6. Na3 a6 7. c4 b4 8. Nc2 Be7 9. b3 cxd4 10. a3 a5 11. axb4 axb4 12. Rxa8 Bxa8 13. Ncxd4 Nc6 14. Nb5 d5 15. Qc2 dxc4 16. bxc4 O-O 17. Bb2 Qb6 18. Rd1 Na5 19. Bd4 Qc6 20. Rc1 Rc8 21.
Na7 b3 22. Qb1 Qa6 23. Nxc8 Qxc8 24. Bc3 Nxc4 25. Qxb3 Bd5 26. Bxf6 gxf6 27. e4 1-0

[Event "Early-Titled-Tuesday-Blitz-February-06-2024"]
[Site "Chess.com"]
[Date "2024.02.06"]
[Round "1"]
[White "NewYearGirl"]
[Black "Suleyman_Chess06"]
[Result "0-1"]
[WhiteElo "2340"]
[BlackElo "2655"]
[TimeControl "180+1"]
[EndTime "8:05:07 PST"]
[Termination "Suleyman_Chess06 won by resignation"]

1. e4 e6 2. d4 d5 3. Nc3 Nf6 4. Bg5 Be7 5. e5 Nfd7 6. h4 h6 7. Qh5 g6 8. Bxe7 Qxe7 9. Qg4 h5 10. Qg3 a6 11. Nh3 c5 12. dxc5 Nc6 13. f4 Nxc5 14.
O-O-O b5 15. Ng5 b4 16. Ne2 a5 17. Nd4 Nxd4 18. Rxd4 Ba6 19. Bxa6 Rxa6 20. c4 dxc4 21. Rxc4 O-O 22. Kb1 b3 23. axb3 Rb8 24. Rhc1 Nxb3 25.
Rd1 Rab6 26. Ne4 Kg7 27. Rd6 Qb7 28. Rxb6 Qxb6 29. Qf2 Qxf2 0-1

[Event "Early-Titled-Tuesday-Blitz-February-06-2024"]
[Site "Chess.com"]
[Date "2024.02.06"]
[Round "1"]
[White "Matols"]
[Black "GMAkobianSTL"]
[Result "0-1"]
[WhiteElo "2402"]
[BlackElo "2727"]
[TimeControl "180+1"]
[EndTime "8:05:08 PST"]
[Termination "GMAkobianSTL won on time"]

1. d4 e6 2. c4 f5 3. g3 Nf6 4. Bg2 d5 5. Nc3 c6 6. Nf3 Bd6 7. Bf4 Bxf4 8. gxf4 O-O 9. e3 Bd7 10.
Ne5 Be8 11. Qc2 Bh5 12. Rg1 Nbd7 13. Bh1 Kh8 14. Rg3 Nxe5 15. fxe5 Ne4 16. Rg1 Qh4 17. Nxe4 fxe4 18. cxd5 cxd5 19. Rg3 Rac8 20. Qd2 Qxh2 21. Bg2 Rf3 22. Bxf3 Bxf3 23. Qa5 Qh1+ 24. Kd2 Qxa1 0-1

[Event "Early-Titled-Tuesday-Blitz-February-06-2024"]
[Site "Chess.com"]
[Date "2024.02.06"]
[Round "1"]
[White "SharapovEvgeny"]
[Black "maurovargas01"]
[Result "1-0"]
[WhiteElo "2534"]
[BlackElo "1881"]
[TimeControl "180+1"]
[EndTime "8:05:08 PST"]
[Termination "SharapovEvgeny won by resignation"]

1. e4 d5 2. exd5 Qxd5 3. Nc3 Qa5 4. d4 c6 5. Nf3 Nf6 6. Bc4 Bg4 7.
h3 Bh5 8. g4 Bg6 9. Ne5 Nbd7 10. Qe2 Nxe5 11. dxe5 Ne4 12. Bd2 Nxd2 13. Qxd2 e6 14. f4 Bc5 15. O-O-O O-O 16. f5 Rad8 17. Qf4 exf5 18. gxf5 Bh5 19. Rxd8 Rxd8 20. e6 Qb6 21. exf7+ Bxf7 22. Bxf7+ Kxf7 23. Kb1 Kg8 24. f6 Rf8 25. Qc4+ Rf7 26. Na4 Qb5 27. Qxb5 cxb5 28. Nxc5 b6 29. Ne4 gxf6 30. Rg1+ Kf8 31. Kc1 f5 32. Ng5 Rg7 33.
Ne6+ Kf7 34. Nxg7 1-0

[Event "Early-Titled-Tuesday-Blitz-February-06-2024"]
[Site "Chess.com"]
[Date "2024.02.06"]
[Round "1"]
[White "AnaKuchava"]
[Black "nindjaxx8"]
[Result "0-1"]
[WhiteElo "2191"]
[BlackElo "2574"]
[TimeControl "180+1"]
[EndTime "8:05:09 PST"]
[Termination "nindjaxx8 won by resignation"]

1. d4 d5 2. Nf3 Nf6 3. c4 e6 4.
Nc3 Be7 5. Bg5 O-O 6. e3 b6 7. Bd3 dxc4 8. Bxc4 Bb7 9. O-O h6 10. Bh4 Nbd7 11. Qe2 Ne4 12. Bg3 Nxc3 13. bxc3 c5 14. Rfd1 cxd4 15. cxd4 Nf6 16. Rac1 a6 17. a4 Ne4 18.
Bf4 Qe8 19. Qb2 Qxa4 20. Qxb6 Bd5 21. Bxd5 exd5 22. Qb7 Bf6 23. Qxd5 Nc3 0-1

[Event "Early-Titled-Tuesday-Blitz-February-06-2024"]
[Site "Chess.com"]
[Date "2024.02.06"]
[Round "1"]
[White "amanjazu"]
[Black "Nikolakis2014"]
[Result "1-0"]
[WhiteElo "2433"]
[BlackElo "2733"]
[TimeControl "180+1"]
[EndTime "8:05:10 PST"]
[Termination "amanjazu won by resignation"]

1. g3 Nf6 2. Bg2 d5 3. f4 e6 4. Nf3 c5 5. O-O Nc6 6. d3 g6 7. Nc3 Bg7 8. e4 O-O 9. h3 b6 10. Kh2 dxe4 11. dxe4 Ba6 12. Re1 Qxd1 13. Rxd1 Rad8 14.
Be3 Nb4 15. Ne1 Bb7 16. a3 Nc6 17. e5 Nd7 18. Nb5 a6 19. Nd6 Ba8 20. Bf1 b5 21.
a4 Nd4 22. axb5 axb5 23. Bxd4 cxd4 24. Bxb5 f6 25. Rxa8 Rxa8 26. Bxd7 fxe5 27. Bxe6+ Kh8 28. fxe5 h6 29. Nd3 Ra7 30. Re1 Rc7 31. Bb3 Rf3 32.
Kg2 Rf8 33. e6 Re7 34. Nf4 Kh7 35. Nd5 1-0

[Event "Early-Titled-Tuesday-Blitz-February-06-2024"]
[Site "Chess.com"]
[Date "2024.02.06"]
[Round "1"]
[White "Let_it_be_1"]
[Black "tolia123"]
[Result "1-0"]
[WhiteElo "2584"]
[BlackElo "2197"]
[TimeControl "180+1"]
[EndTime "8:05:10 PST"]
[Termination "Let_it_be_1 won by resignation"]

1. e4 c5 2. Nf3 Nc6 3. d4 cxd4 4. Nxd4 g6 5. c4 Bg7 6. Be3 Nf6 7. Nc3 d6 8. Be2 O-O 9. O-O Bd7 10. Qd2 Nxd4 11. Bxd4 Bc6 12. f3 Nd7 13. Be3 Qa5 14. Rfc1 Rfc8 15. Rab1 a6 16. b4 Qd8 17. b5 axb5 18. cxb5 Ne5 19. bxc6 Nxc6 20. Nd5 Ra3 21. Bf2 Rca8 22. Bc4 Na5 23. Bb3 Nxb3 24. axb3 e6 25. Nb6 R8a6 26. Rc8 Qxc8 27. Nxc8 Ra1 28. Re1 Rxe1+ 29.
Bxe1 Rc6 30. Ne7+ 1-0

[Event "Early-Titled-Tuesday-Blitz-February-06-2024"]
[Site "Chess.com"]
[Date "2024.02.06"]
[Round "1"]
[White "Kildepiotr"]
[Black "alekroth65"]
[Result "1-0"]
[WhiteElo "2687"]
[BlackElo "2370"]
[TimeControl "180+1"]
[EndTime "8:05:11 PST"]
[Termination "Kildepiotr won by resignation"]

1. Nf3 d5 2. g3 Nf6 3. Bg2 e6 4.
O-O Be7 5. d3 O-O 6. Nbd2 b6 7.
e4 dxe4 8. dxe4 Ba6 9. Re1 Nbd7 10. e5 Nd5 11. Nd4 Bc5 12. N2b3 Bxd4 13. Nxd4 c5 14.
Nc6 Qe8 15. Bxd5 exd5 16. Qxd5 Nf6 17. Qd6 Ng4 18. h3 Nh6 19. Bxh6 gxh6 20. Ne7+ 1-0

[Event "Early-Titled-Tuesday-Blitz-February-06-2024"]
[Site "Chess.com"]
[Date "2024.02.06"]
[Round "1"]
[White "YoreDea"]
[Black "HelvertHernandez"]
[Result "1-0"]
[WhiteElo "2535"]
[BlackElo "1926"]
[TimeControl "180+1"]
[EndTime "8:05:11 PST"]
[Termination "YoreDea won by resignation"]

1. e4 c5 2. Be2 Nc6 3. f4 d6 4. Nf3 g6 5. c3 Bg7 6. O-O Bg4 7. Kh1 e6 8. d3 Nge7 9. Be3 O-O 10. Nbd2 a6 11.
d4 cxd4 12. cxd4 d5 13. e5 Nf5 14. Bf2 Qa5 15. Nb3 Qb6 16. h3 Bxf3 17. Bxf3 a5 18. g4 Nfe7 19. a4 f6 20. Nc5 fxe5 21. dxe5 Rxf4 22.
Nxe6 Rxf3 23. Bxb6 Rxf1+ 24. Qxf1 Bxe5 25. Re1 g5 26. b3 Ng6 27. Rxe5 Ncxe5 28. Qf6 1-0

[Event "Early-Titled-Tuesday-Blitz-February-06-2024"]
[Site "Chess.com"]
[Date "2024.02.06"]
[Round "1"]
[White "dropstoneDP"]
[Black "Hananmo"]
[Result "1-0"]
[WhiteElo "3016"]
[BlackElo "2513"]
[TimeControl "180+1"]
[EndTime "8:05:13 PST"]
[Termination "dropstoneDP won by checkmate"]

1. e4 c5 2. Nf3 e6 3. d4 cxd4 4. Nxd4 a6 5. Qe2 Nc6 6. Nxc6 bxc6 7. e5 c5 8. Nd2 Bb7 9. Nc4 d5 10. exd6 Bxd6 11. Qg4 g6 12. Bg5 Be7 13. Rd1 Bd5 14. Bxe7 Qxe7 15. Nb6 Rb8 16. Qa4+ Kd8 17. Qxa6 Kc7 18.
Nxd5+ exd5+ 19. Be2 Nf6 20. O-O Rb6 21. Qa7+ Rb7 22.
Qa5+ Kb8 23. Bf3 Rd8 24. Rfe1 Qc7 25. Qc3 d4 26. Qd3 Rxb2 27. Rb1 Qb6 28. Rxb2 Qxb2 29.
c3 Qxc3 30. Qb5+ Kc7 31. Qb7+ Kd6 32. Qc6# 1-0

[Event "Early-Titled-Tuesday-Blitz-February-06-2024"]
[Site "Chess.com"]
[Date "2024.02.06"]
[Round "1"]
[White "MIJUAREZ"]
[Black "Gabrielian_Artur"]
[Result "1-0"]
[WhiteElo "2464"]
[BlackElo "2764"]
[TimeControl "180+1"]
[EndTime "8:05:14 PST"]
[Termination "MIJUAREZ won on time"]

1. e4 c5 2. Nf3 d6 3. Bb5+ Bd7 4. Bxd7+ Qxd7 5. d4 cxd4 6. Qxd4 Nc6 7. Qe3 Nf6 8.
O-O g6 9. h4 Bg7 10. Nc3 O-O 11. Rd1 Rac8 12. Rb1 h5 13. Qe2 Ng4 14. Nd5 e6 15.
Ne3 Nce5 16. Nxg4 Nxg4 17. c4 Qc6 18. b3 a6 19. Bg5 b5 20. cxb5 axb5 21. Be7 Rfe8 22.
Bxd6 Qb6 23. b4 Rc4 24. a4 Rec8 25. a5 Qc6 26. e5 Bh6 27. Nd4 Qb7 28. Ra1 Bf4 29. g3 Bh6 30. a6 Qa8 31. a7 Rc3 32. Re1 Qd5 33. Nxb5 Rxg3+ 34. fxg3 Be3+ 35. Qxe3 Nxe3 36. Rxe3 Kh7 37. Bc5 Qc6 38. Nd6 Rf8 39. Nxf7 1-0

[Event "Early-Titled-Tuesday-Blitz-February-06-2024"]
[Site "Chess.com"]
[Date "2024.02.06"]
[Round "1"]
[White "Sanan_Sjugirov"]
[Black "EvilMorty23"]
[Result "1-0"]
[WhiteElo "3006"]
[BlackElo "2511"]
[TimeControl "180+1"]
[EndTime "8:05:16 PST"]
[Termination "Sanan_Sjugirov won by resignation"]

1. e4 e6 2. d4 d5 3. e5 c5 4. c3 Nc6 5. Nf3 Qb6 6. a3 Nh6 7. b4 cxd4 8. cxd4 Nf5 9. Bb2 Be7 10. Bd3 Bd7 11. Bxf5 exf5 12. O-O h6 13. Nc3 Be6 14.
Na4 Qd8 15. Nc5 b6 16. Nxe6 fxe6 17. Ne1 f4 18. Qh5+ Kd7 19. Nd3 g5 20. Rac1 Rc8 21.
Qd1 Ke8 22. Qh5+ Kd7 23. Rc2 Qe8 24. Qe2 Nb8 25. Rfc1 Rxc2 26. Qxc2 Qd8 27. Qa4+ 1-0

[Event "Early-Titled-Tuesday-Blitz-February-06-2024"]
[Site "Chess.com"]
[Date "2024.02.06"]
[Round "1"]
[White "AldokhinIvan"]
[Black "gpsji27"]
[Result "1-0"]
[WhiteElo "2648"]
[BlackElo "2323"]
[TimeControl "180+1"]
[EndTime "8:05:16 PST"]
[Termination "AldokhinIvan won by resignation"]

1. d4 d5 2. c4 e6 3. Nc3 Nf6 4. cxd5 exd5 5. Bg5 Nbd7 6. e3 c6 7. Bd3 Be7 8. Qc2 O-O 9. Nf3 h6 10. Bh4 Re8 11. O-O Nf8 12. Rae1 Ne4 13. Bxe7 Qxe7 14. Ne5 Nxc3 15. bxc3 f6 16. Ng6 Nxg6 17. Bxg6 Rf8 18. e4 dxe4 19. Rxe4 Qc7 20. Rfe1 f5 21. Qb3+ Kh8 22.
Re8 Bd7 23. Rxa8 Rxa8 24. Qf7 1-0

[Event "Early-Titled-Tuesday-Blitz-February-06-2024"]
[Site "Chess.com"]
[Date "2024.02.06"]
[Round "1"]
[White "colegiodemadrid"]
[Black "ChristopherYoo"]
[Result "0-1"]
[WhiteElo "2505"]
[BlackElo "2966"]
[TimeControl "180+1"]
[EndTime "8:05:18 PST"]
[Termination "ChristopherYoo won by resignation"]

1. e4 c6 2. d4 d5 3. e5 Bf5 4. h4 h5 5. Bd3 Bxd3 6. Qxd3 Qa5+ 7. b4 Qa6 8. Qb3 e6 9. Nc3 Qb6 10. a3 Qxd4 11. Nf3 Qg4 12. O-O Nd7 13. b5 c5 14. Ne2 c4 15. Qc3 Bc5 16. Be3 Ne7 17. Nf4 Nf5 18. Rae1 d4 19. Nxd4 Bxd4 20. Bxd4 Qxf4 21.
Rd1 Qxh4 22. Qxc4 O-O 23. g3 Qg4 24. Rfe1 h4 25. Qc3 hxg3 0-1

[Event "Early-Titled-Tuesday-Blitz-February-06-2024"]
[Site "Chess.com"]
[Date "2024.02.06"]
[Round "1"]
[White "MattyDPerrine"]
[Black "AryanTari"]
[Result "0-1"]
[WhiteElo "2502"]
[BlackElo "2950"]
[TimeControl "180+1"]
[EndTime "8:05:20 PST"]
[Termination "AryanTari won by resignation"]

1. e4 e5 2. Nf3 Nc6 3. d4 exd4 4. Nxd4 Bc5 5. Nb3 Bb6 6. Nc3 d6 7. Bf4 Nge7 8. Qd2 O-O 9. O-O-O a5 10. a4 Be6 11.
Nd5 Ba7 12. Bc4 Ng6 13. Bg5 Qd7 14. f4 Bxd5 15. exd5 Nb4 16. Bb5 c6 17. dxc6 bxc6 18. Qxd6 Qxd6 19. Rxd6 cxb5 20. f5 bxa4 21. Nxa5 Bc5 22.
Rdd1 Rxa5 23. fxg6 fxg6 0-1

[Event "Early-Titled-Tuesday-Blitz-February-06-2024"]
[Site "Chess.com"]
[Date "2024.02.06"]
[Round "1"]
[White "baki83"]
[Black "Zheenbekov86"]
[Result "1-0"]
[WhiteElo "2806"]
[BlackElo "2446"]
[TimeControl "180+1"]
[EndTime "8:05:21 PST"]
[Termination "baki83 won by resignation"]

1. e4 c6 2. Nf3 d5 3. d3 Qc7 4.
Nc3 dxe4 5. dxe4 e5 6. Bc4 h6 7. O-O Nf6 8. a4 Bb4 9. Qe2 O-O 10. h3 Nbd7 11. Nh4 Nc5 12. Na2 Ba5 13. b4 Nxa4 14. bxa5 b5 15. Bb3 Qxa5 16. Ba3 Re8 17. Rfd1 Be6 18.
Bxa4 Qxa4 19. Nc3 Qc4 20. Qxc4 Bxc4 21. Nf5 a5 22. Nd6 b4 23. Nxc4 bxa3 24. Rxa3 1-0

[Event "Early-Titled-Tuesday-Blitz-February-06-2024"]
[Site "Chess.com"]
[Date "2024.02.06"]
[Round "1"]
[White "paladin_ll"]
[Black "Mesa_1"]
[Result "1-0"]
[WhiteElo "2170"]
[BlackElo "2549"]
[TimeControl "180+1"]
[EndTime "8:05:25 PST"]
[Termination "paladin_ll won by resignation"]

1. Nf3 d5 2. c4 d4 3. d3 c5 4. b4 Nf6 5. bxc5 Nc6 6. g3 e5 7. Ba3 e4 8. dxe4 Nxe4 9. Bg2 Qa5+ 10. Nfd2 Nc3 11. Qb3 Nxb1 12. Rxb1 Bxc5 13. Bxc5 Qxc5 14. Qb5 Qxb5 15. cxb5 Ne7 16. Nb3 Nf5 17. Rd1 O-O 18. Nxd4 Nxd4 19. Rxd4 Be6 20. a4 Rad8 21. Rxd8 Rxd8 22.
O-O Rd4 23. Bxb7 Rxa4 24. Rc1 g6 25. f3 Rb4 26. Ba6 Bc4 27. Kf2 Bxb5 28. Rc8+ Kg7 29. Rb8 Ra4 30. Bxb5 Rb4 31. Rb7 a5 32. Bc6 Rc4 33.
Bd5 1-0

[Event "Early-Titled-Tuesday-Blitz-February-06-2024"]
[Site "Chess.com"]
[Date "2024.02.06"]
[Round "1"]
[White "MyDream003"]
[Black "ChessSG1"]
[Result "1-0"]
[WhiteElo "2762"]
[BlackElo "2421"]
[TimeControl "180+1"]
[EndTime "8:05:27 PST"]
[Termination "MyDream003 won on time"]

1. e4 c5 2. Nf3 e6 3. d4 cxd4 4. Nxd4 a6 5. c4 Nf6 6. Nc3 Bb4 7. Bd3 Nc6 8. Nxc6 dxc6 9. O-O e5 10. Be3 Ng4 11.
Bc1 Nf6 12. Qc2 O-O 13. h3 Bc5 14. Na4 Bd4 15. Be3 Bxe3 16. fxe3 b5 17. Nc5 Qb6 18. b4 a5 19. a3 axb4 20. axb4 Rxa1 21. Rxa1 bxc4 22.
Qxc4 Rd8 23. Ra8 Bd7 24. Qa6 Qc7 25. Qb7 Qc8 26. Rxc8 Bxc8 27. Qc7 Rf8 28. Bc4 1-0